 Dungeon Crawl Stone Soup version 0.27-a0-978-g2aa4ecdaef (webtiles) character file.

Game seed: 15187110799612306582

58 voltaire321 the Ducker (level 3, 0/28 HPs)
             Began as a Demonspawn Gladiator on Apr 14, 2021.
             Slain by a gnoll
             ... wielding a +0 spear
              (5 damage)
             ... on level 2 of the Dungeon.
             The game lasted 00:02:54 (1512 turns).

voltaire321 the Ducker (Demonspawn Gladiator)       Turns: 1512, Time: 00:02:54

Health: 0/28       AC:  3    Str: 15    XL:     3   Next: 75%
Magic:  3/3        EV: 12    Int:  9    God:
Gold:   32         SH:  0    Dex: 14    Spells: 2/2 levels left

rFire    . . .     SeeInvis .   a - +0 war axe
rCold    . . .     Faith    .   (no shield)
rNeg     . . .     Spirit   .   b - +0 leather armour
rPois    .         Reflect  .   (helmet restricted)
rElec    .         Harm     .   (no cloak)
rCorr    .         Rampage  .   (no gloves)
Will     .....                  (no boots)
Stlth    +.........             (no amulet)
HPRegen  0.09/turn              (no ring)
MPRegen  0.08/turn              (no ring)

@: no status effects
A: horns 1, demonic guardian 1
a: no special abilities


You were on level 2 of the Dungeon.
You visited 1 branch of the dungeon, and saw 2 of its levels.

You collected 32 gold pieces.

Inventory:

Hand Weapons
 a - a +0 war axe (weapon)
Missiles
 d - 3 throwing nets (quivered)
Armour
 b - a +0 leather armour (worn)
 c - a +0 helmet
Scrolls
 e - a scroll of identify {unknown}
 h - a scroll of noise {unknown}
 i - a scroll of vulnerability {unknown}
Potions
 f - a potion of flight {unknown}
 g - a potion of attraction {unknown}


   Skills:
 + Level 2.9 Fighting
 + Level 3.3 Axes
 - Level 1.7 Throwing
 + Level 3.3 Dodging


You had 2 spell levels left.
You didn't know any spells.
Your spell library was empty.

Dungeon Overview and Level Annotations

Branches:
Dungeon (2/15)

Altars:

Shops:
D:1 [


Innate Abilities, Weirdness & Mutations

You have a pair of small horns on your head.
A weak demonic guardian rushes to your aid.


Message History

A demonic guardian appears!
You closely miss the goblin. Your headbutt misses the goblin.
The goblin barely misses you. x2
You slash the goblin!
You kill the goblin!
Your quasit disappears in a puff of smoke!
A bat comes into view.
The bat moves out of view.
You hit the bat but do no damage. You headbutt the bat.
You kill the bat!
Found 30 bolts.
You open the door. 2 jackals and a gnoll come into view.
The gnoll shouts!
The jackal barks!
You slash the jackal!
You kill the jackal!
You hit the bush. You hit the bush but do no damage.
The jackal closely misses you.
The gnoll hits you from afar with a +0 spear.
You closely miss the jackal.
You hit the bush. x2; The jackal bites you.
The gnoll misses you. The jackal closely misses you.
You barely miss the jackal. You hit the bush. You slash the bush!
The jackal barely misses you.
The gnoll hits you from afar with a +0 spear!
The jackal misses you. The gnoll barely misses you.
You hit the jackal.
You kill the jackal!
You hit the bush. You hit the bush but do no damage.
The gnoll closely misses you. The gnoll hits you with a +0 spear.
A demonic guardian appears!
You slash the gnoll!
The gnoll is severely wounded.
The gnoll hits you with a +0 spear.
* * * LOW HITPOINT WARNING * * *
You closely miss the gnoll.
The gnoll is severely wounded.
The gnoll hits you with a +0 spear.
* * * LOW HITPOINT WARNING * * *
Your iron imp hits the gnoll.
The gnoll hits you with a +0 spear.
You die...

## ##### ..# +...# #.#
#... ######.# +..
.|..##.## ####†####
....#...#####..P.P..####
###.#.#.#.......g5......
.##.#........†..@.......
....†.)##...............
###.##.#######....#.###.
....##.# #....#.#
.....#.# #....# #
.###.#.# #....# )..#.#.#
#....# .#.<...# #.(...
.###.### ##....


You could see a gnoll (ally target) and a friendly iron imp (summoned).

Vanquished Creatures
  A dart slug (D:1)
  An orc (D:2)
  2 ball pythons
  5 endoplasms (D:1)
  A giant cockroach (D:1)
  3 goblins
  5 hobgoblins (D:1)
  12 jackals
  A quokka (D:2)
  A bat (D:2)
  4 frilled lizards
  8 kobolds
  2 rats (D:1)
46 creatures vanquished.

Vanquished Creatures (collateral kills)
  A hobgoblin (D:1)
1 creature vanquished.

Grand Total: 47 creatures vanquished

Notes
Turn   | Place    | Note
-------+----------+-------------------------------------------
     0 | D:1      | voltaire321 the Demonspawn Gladiator began the quest for
                  | the Orb.
     0 | D:1      | Reached XP level 1. HP: 16/16 MP: 1/1
     0 | D:1      | Found Ikamudgh's Antique Armour Shoppe.
   167 | D:1      | Gained mutation: A weak demonic guardian rushes to your
                  | aid. [demonic ancestry]
   167 | D:1      | Reached XP level 2. HP: 20/22 MP: 2/2
   349 | D:1      | Gained mutation: You have a pair of small horns on your
                  | head. [demonic ancestry]
   349 | D:1      | Reached XP level 3. HP: 16/28 MP: 3/3
  1512 | D:2      | Slain by a gnoll

Illustrated notes

Levels and vault maps discovered:
D:1:      dpeg_arrival_rhombus, layout_basic, serial_shops,
          nicolae_shop_competitors_out_of_business, minmay_misc_feat_tiny
D:2:      layout_loops_cross, serial_shops, nicolae_shop_waterfront,
          cheibrodos_gnoll_hut

Skill      XL: |  1  2 |
---------------+-------+-----
Dodging        | 3 |  3.3
Axes           | 3 |  3.3
Fighting       | |  2.9
Throwing       | |  1.7

Action                   || total
-------------------------++-------
Melee: War axe           ||    88
       Headbutt          ||    10
Armor: Leather armour    ||    24
Dodge: Dodged            ||    69

Table legend: (Time is in decaauts)
 A = Elapsed time spent in this place.
 B = Non-inter-level travel time spent in this place.
 C = Inter-level travel time spent in this place.
 D = Time resting spent in this place.
 E = Time spent auto-exploring this place.
 F = Levels seen in this place.
 G = Mean time per level.
                   A        B        C        D        E       F      G
               +--------+--------+--------+--------+--------+-----+--------+
         Total |   1541 |   1522 |     19 |    339 |    895 |   2 |  770.5 |
       Dungeon |   1541 |   1522 |     19 |    339 |    895 |   2 |  770.5 |
               +--------+--------+--------+--------+--------+-----+--------+

Top non-repeatable levels by time:
     D:1: 1350 daAuts
     D:2: 190 daAuts
